 Dungeon Crawl Stone Soup version 0.22-a0-897-g1b7a381375 (webtiles) character file.

4879 Mirvelgyr the Severer (level 10, -1/117 HPs)
             Began as a Minotaur Berserker on July 31, 2018.
             Was a High Priest of Trog.
             Slain by a two-headed ogre
             ... wielding a cursed -2 giant club
              (7 damage)
             ... on level 9 of the Dungeon.
             The game lasted 00:09:59 (6311 turns).

Mirvelgyr the Severer (Minotaur Berserker)          Turns: 6311, Time: 00:10:00

Health: -1/117     AC: 13    Str: 28    XL:     10   Next: 26%
Magic:  9/9        EV: 13    Int:  4    God:    Trog [*****.]
Gold:   547        SH:  0    Dex: 12    Spells: 9/9 levels left

rFire    . . .     SeeInvis .   b - +2 executioner's axe (drain)
rCold    . . .     Gourm    .   (shield currently unavailable)
rNeg     . . .     Faith    .   y - +0 plate armour
rPois    .         Spirit   .   (helmet restricted)
rElec    .         Reflect  .   D - +0 cloak
rCorr    .         Harm     .   C - +0 pair of gloves
MR       +....                  (no boots)
Stlth    ..........             (no amulet)
HPRegen  0.29/turn              e - +5 ring of evasion
MPRegen  0.11/turn              H - ring of protection from magic

@: berserking, very quick
A: retaliatory headbutt, horns 2
a: Berserk, Trog's Hand, Brothers in Arms, Renounce Religion


You were on level 9 of the Dungeon.
You worshipped Trog.
Trog was extremely pleased with you.
You were not hungry.

You visited 1 branch of the dungeon, and saw 9 of its levels.

You collected 547 gold pieces.

Inventory:

Hand Weapons
 b - a +2 executioner's axe of draining (weapon)
Armour
 y - a +0 plate armour (worn)
 C - a +0 pair of gloves (worn)
 D - a +0 cloak (worn)
Jewellery
 e - a +5 ring of evasion (left hand)
 o - an uncursed ring of see invisible
 H - a ring of protection from magic (right hand)
Wands
 j - a wand of iceblast (11)
 A - a wand of flame (27)
 E - a wand of disintegration (5)
Scrolls
 a - 5 scrolls of amnesia
 g - 2 scrolls of noise
 h - 2 scrolls of blinking
 k - a scroll of random uselessness {unknown}
 n - 2 scrolls of fog {unknown}
 r - 4 scrolls of teleportation
 s - 2 scrolls of fear {unknown}
 x - 2 scrolls of immolation {unknown}
 B - 2 scrolls of brand weapon {unknown}
 F - a scroll of enchant weapon {unknown}
Potions
 d - a potion of might {unknown}
 f - a potion of degeneration {unknown}
 i - 2 potions of flight
 m - a potion of haste {unknown}
 p - a potion of agility {unknown}
 q - 3 potions of resistance
 t - a potion of mutation {unknown}
 u - 2 potions of brilliance {unknown}
 v - 2 potions of curing {unknown}
 w - 2 potions of cancellation {unknown}
 z - a potion of heal wounds {unknown}
Comestibles
 c - 19 rations
 l - 12 chunks of flesh


   Skills:
 + Level 4.1 Fighting
 - Level 16.9 Axes
 - Level 2.4 Armour
 - Level 2.1 Dodging


You had 9 spell levels left.
You didn't know any spells.
Your spell library was empty.

Dungeon Overview and Level Annotations

Branches:
Dungeon (9/15)             Temple (0/1) D:6
   Lair: D:8-11         Orc: D:9-12

Altars:
Ashenzari
Hepliaklqana
Kikubaaqudgha
Ru
Sif Muna
Yredelemnul
The Shining One

Shops:
D:4 (   D:5 (


Innate Abilities, Weirdness & Mutations

You reflexively headbutt those who attack you in melee.
You have a pair of horns on your head.


Message History

Your headbutt misses the two-headed ogre.
The two-headed ogre is lightly wounded.
The two-headed ogre hits you with a giant club!
* * * LOW HITPOINT WARNING * * *
The two-headed ogre hits you with a giant spiked club!
* * * LOW HITPOINT WARNING * * *
You slice the two-headed ogre!! You drain the two-headed ogre!
The two-headed ogre is severely wounded.
A red film seems to cover your vision as you go berserk!
You feel yourself moving faster!
You feel mighty!
You feel a lot more hungry.
The two-headed ogre hits you with a giant club.
* * * LOW HITPOINT WARNING * * *
The two-headed ogre barely misses you.
Your plate armour prevents you from hitting the two-headed ogre.
You headbutt the two-headed ogre!
The two-headed ogre is almost dead.
The two-headed ogre hits you with a giant club.
* * * LOW HITPOINT WARNING * * *
The two-headed ogre hits you with a giant spiked club!
You die...

########## #.@.......
.######O#######. #
...........# ##
.######.......# ##.
#.#####.......### ...
#:............O.<.
##.###)#####............
###..)######............
....#...))))............


You could see a two-headed ogre.

Vanquished Creatures
  A shadow (D:9)
  A hungry ghost (D:9)
  Menkaure (D:6)
  Duvessa (D:6)
  3 water moccasins
  2 black bears
  An ice beast (D:6)
  An orc warrior (D:7)
  A phantom (D:7)
  A sky beast (D:6)
  4 ogres
  4 centaurs
  A big kobold (D:8)
  2 bullfrogs
  3 scorpions
  Dowan (D:6)
  8 killer bees (D:8)
  17 wights
  2 howler monkeys (D:7)
  A centaur zombie (D:5)
  3 crimson imps
  A bullfrog zombie (D:6)
  A quasit (D:3)
  5 hounds
  A jelly (D:8)
  A centaur skeleton (D:8)
  An orc priest (D:8)
  15 orc wizards
  2 iguanas
  Natasha (twice) (D:2)
  4 worker ants
  8 gnolls
  9 adders
  An ooze (D:3)
  An adder skeleton (D:4)
  3 adder zombies
  A worm (D:3)
  2 dart slugs
  3 leopard geckos
  21 orcs
  6 bats
  5 giant cockroaches
  10 goblins
  2 hobgoblins
  15 jackals
  8 quokkas
  3 frilled lizards
  A jackal skeleton (D:6)
  A jackal zombie (D:5)
  10 kobolds
  3 leopard gecko skeletons
  A quokka skeleton (D:6)
  4 rats
  A spectral orc (D:7)
211 creatures vanquished.

Notes
Turn   | Place    | Note
-------+----------+-------------------------------------------
     0 | D:1      | Mirvelgyr the Minotaur Berserker began the quest for the Orb.
     0 | D:1      | Reached XP level 1. HP: 19/19 MP: 0/0
    90 | D:1      | Reached skill level 4 in Axes
   160 | D:1      | Reached XP level 2. HP: 20/26 MP: 1/1
   415 | D:1      | Reached skill level 5 in Axes
   593 | D:2      | Found a deep blue altar of Sif Muna.
   593 | D:2      | Found a hazy altar of Hepliaklqana.
   656 | D:2      | Reached XP level 3. HP: 31/31 MP: 2/2
   732 | D:2      | Noticed Natasha
   736 | D:2      | Killed Natasha
   947 | D:2      | Noticed Natasha
   958 | D:2      | Killed Natasha
   958 | D:2      | Reached skill level 6 in Axes
   958 | D:2      | Reached XP level 4. HP: 28/39 MP: 3/3
  1162 | D:3      | Reached ** piety under Trog
  1196 | D:3      | Found a sacrificial altar of Ru.
  1204 | D:3      | Reached skill level 7 in Axes
  1204 | D:3      | Reached XP level 5. HP: 45/45 MP: 4/4
  1729 | D:3      | Reached skill level 8 in Axes
  1917 | D:4      | Reached XP level 6. HP: 42/51 MP: 5/5
  1918 | D:4      | Reached *** piety under Trog
  1985 | D:4      | Reached skill level 9 in Axes
  2143 | D:4      | Found Sehir's Antique Weapon Shoppe.
  2388 | D:5      | Entered Level 5 of the Dungeon
  2390 | D:5      | Reached XP level 7. HP: 57/57 MP: 6/6
  2393 | D:5      | Found Oboff's Antique Weapon Shoppe.
  2441 | D:5      | Found a shattered altar of Ashenzari.
  2512 | D:5      | Reached skill level 10 in Axes
  2585 | D:5      | Found an ancient bone altar of Kikubaaqudgha.
  2611 | D:5      | Reached **** piety under Trog
  2917 | D:5      | Reached skill level 11 in Axes
  2989 | D:5      | Reached XP level 8. HP: 41/64 MP: 7/7
  3498 | D:6      | Reached skill level 12 in Axes
  3566 | D:6      | Noticed Menkaure
  3575 | D:6      | Killed Menkaure
  3933 | D:6      | Reached skill level 13 in Axes
  3980 | D:6      | Found a staircase to the Ecumenical Temple.
  4093 | D:6      | Noticed Duvessa
  4094 | D:6      | Noticed Dowan
  4105 | D:6      | Killed Dowan
  4105 | D:6      | Reached XP level 9. HP: 68/70 MP: 8/8
  4105 | D:6      | Killed Duvessa
  4105 | D:6      | Reached skill level 14 in Axes
  4434 | D:7      | Found a basalt altar of Yredelemnul.
  4905 | D:7      | Reached skill level 15 in Axes
  5418 | D:8      | Reached skill level 16 in Axes
  5862 | D:8      | Reached XP level 10. HP: 75/77 MP: 9/9
  5864 | D:8      | Reached ***** piety under Trog
  5969 | D:8      | Found a glowing golden altar of the Shining One.
  6220 | D:9      | Received a gift from Trog
  6301 | D:9      | Noticed a two-headed ogre
  6311 | D:9      | Slain by a two-headed ogre

Vault maps used:
D:1:      matt_arrival_los_fun, st_stairs_4, minmay_misc_feat_diagonals,
          dk_noncrumbling_2, minmay_misc_feat_hallway
D:2:      gammafunk_temple_overflow_forgotten, first_ration, uniq_natasha
D:3:      nicolae_ru_great_annihilating_truth
D:4:      cheibrodos_old_hovel, serial_shops, shop
D:5:      lemuel_crystal_altar, kennysheep_mini_moat, serial_shops,
          nicolae_shop_overgrown_old_shop
D:6:      temple_hall, uniq_duvessa, uniq_menkaure
D:7:      yredelemnul_forgotten_temple_becter
D:8:      lemuel_crystal_altar, eino_jars
D:9:      gammafunk_temple_overflow_statue, uniq_pikel

Skill      XL: |  1  2  3  4  5  6  7  8  9 10 |
---------------+-------------------------------+-----
Axes           | 4 5 6 7 8 9 11 13 16 | 16.9
Fighting       | 4 |  4.1
Armour         | |  2.4
Dodging        | |  2.1

Action                   |  1- 3 |  4- 6 |  7- 9 | 10-12 || total
-------------------------+-------+-------+-------+-------++-------
Melee: Hand axe          |    59 |   126 |    62 |       ||   247
       Headbutt          |     8 |    18 |    32 |    10 ||    68
       Battleaxe         |       |       |   162 |    54 ||   216
       Executioner's axe |       |       |       |    10 ||    10
Invok: Berserk           |       |       |     5 |     2 ||     7
       Trog's Hand       |       |       |     2 |     1 ||     3
  Use: Scroll            |       |       |     8 |       ||     8
 Stab: Paralysed         |       |     2 |       |       ||     2
       Sleeping          |       |     1 |       |       ||     1
  Eat: Chunk             |       |     5 |    12 |     5 ||    22
       Ration            |       |       |     1 |     1 ||     2
Armor: Animal skin       |     7 |    11 |     6 |       ||    24
       Plate armour      |       |       |    73 |    35 ||   108
Dodge: Dodged            |    50 |    90 |   174 |    41 ||   355

Table legend:
 A = Spawn XP
 B = Non-spawn XP
 C = Spawn XP percentage of total XP
 D = Spawn monster count
 E = Non-spawn monster count
 F = Spawn count percentage of total count
 G = Total turns spent on level
                    A         B        C        D         E        F      G
               +---------+---------+-------+---------+---------+-------+---------
         Total |       0 |    6970 |   0.0 |       0 |     211 |   0.0 |  6311
               +---------+---------+-------+---------+---------+-------+---------
           D:1 |       0 |      39 |   0.0 |       0 |      23 |   0.0 |   586
           D:2 |       0 |     120 |   0.0 |       0 |      16 |   0.0 |   566
           D:3 |       0 |     194 |   0.0 |       0 |      28 |   0.0 |   709
           D:4 |       0 |     379 |   0.0 |       0 |      22 |   0.0 |   585
           D:5 |       0 |     804 |   0.0 |       0 |      29 |   0.0 |  1110
           D:6 |       0 |    1866 |   0.0 |       0 |      30 |   0.0 |   763
           D:7 |       0 |     824 |   0.0 |       0 |      12 |   0.0 |   904
           D:8 |       0 |    1938 |   0.0 |       0 |      38 |   0.0 |   960
           D:9 |       0 |     806 |   0.0 |       0 |      13 |   0.0 |   128
               +---------+---------+-------+---------+---------+-------+---------
